AoeStats
← Murderer Potato

Black Forest

508028495Analyzed
4v4 RM · 11d ago on Sep 20, 2026· 78m 20s· 8 players
Game mode
Random Map
Map size
Large (8 player)
Population
200
Speed
Normal
Resources
Standard
Victory
Conquest
Starting age
Dark Age
Ending age
Imperial Age
RankedLock teamsTeams togetherTeam positionsShared explorationLock speedFull tech treeHidden civsTurbo modeCheats
Victory
Defeat
🇨🇱 Italians · Chile
1195
+13
🇪🇸 Tatars · Spain
1177
+14
🇪🇸 Hindustanis · Spain
1139
+15
🇭🇰 Lithuanians · Hong Kong SAR China
1092
+17
🇲🇽 Celts · Mexico
1160
-16
🇺🇸 Khmer · United States
1133
-15
🇺🇸 Huns · United States
1132
-15
🇨🇦 Vikings · Canada
1072
-13
nickcashout
4:35 Loom
12:42 Feudal Age
14:29 Double-Bit Axe
14:28 Horse Collar
17:11 Castle Age
16:32 Wheelbarrow
15:58 Gold Mining
16:52 Stone Mining
20:04 Bow Saw
20:32 Heavy Plow
23:02 Fervor
26:53 Hand Cart
26:24 Town Watch
30:54 Imperial Age
29:04 Gold Shaft Mining
29:07 Stone Shaft Mining
28:39 Scale Barding Armor
29:54 Chain Barding Armor
29:44 Forging
29:39 Caravan
29:59 Bloodlines
30:45 Husbandry
32:44 Iron Casting
32:39 Town Patrol
32:22 Elite Battle Elephant
33:59 Coinage
33:00 Light Cavalry
35:46 Plate Barding Armor
36:12 Blast Furnace
35:15 Tusk Swords
35:36 Conscription
35:48 Ballistics
36:29 Chemistry
35:40 Masonry
35:42 Fortified Wall
35:28 Murder Holes
38:53 Crop Rotation
38:21 Fletching
38:28 Guard Tower
38:43 Siege Engineers
40:33 Cavalier
41:32 Bodkin Arrow
42:15 Keep
41:36 Hussar
43:44 Bracer
44:34 Architecture
54:11 Siege Engineers
54:22 Onager
62:13 Capped Ram
Doc.
1:02 Loom
11:47 Feudal Age
16:07 Castle Age
13:59 Horse Collar
15:04 Double-Bit Axe
17:40 Wheelbarrow
19:04 Bow Saw
19:02 Fletching
21:31 Heavy Plow
25:37 Gold Mining
25:39 Stone Mining
27:37 Gold Shaft Mining
27:11 Padded Archer Armor
31:00 Imperial Age
29:05 Leather Archer Armor
29:51 Hand Cart
29:38 Bodkin Arrow
30:28 Devotion
30:51 Ballistics
31:36 Masonry
31:24 Murder Holes
31:40 Thumb Ring
32:52 Two-Man Saw
32:15 Conscription
32:58 Chemistry
32:30 Faith
32:41 Parthian Tactics
32:25 Heavy Cavalry Archer
33:57 Atheism
33:50 Caravan
34:01 Guilds
34:41 Bracer
34:10 Pikeman
34:51 Squires
35:37 Forging
35:28 Scale Mail Armor
34:50 Halberdier
35:16 Arson
36:29 Capped Ram
36:55 Elite Skirmisher
37:58 Siege Ram
40:06 Husbandry
41:08 Bloodlines
40:28 Light Cavalry
41:05 Hussar
43:15 Iron Casting
42:55 Chain Mail Armor
42:46 Scale Barding Armor
43:51 Scale Barding Armor
58:35 Blast Furnace
57:58 Chain Barding Armor
60:05 Plate Barding Armor
Sr_Pika_mx
0:33 Loom
12:35 Feudal Age
17:30 Castle Age
16:39 Double-Bit Axe
22:31 Bow Saw
24:03 Wheelbarrow
23:38 Pikeman
25:42 Hand Cart
25:23 Gold Mining
25:49 Horse Collar
27:27 Gold Shaft Mining
31:37 Imperial Age
28:59 Arson
29:37 Stone Mining
29:24 Man-at-Arms
30:23 Forging
30:31 Scale Mail Armor
30:23 Long Swordsman
32:37 Iron Casting
31:45 Halberdier
32:46 Two-Handed Swordsman
34:09 Town Watch
36:36 Ballistics
38:00 Heavy Scorpion
52:07 Capped Ram
52:56 Siege Ram
tyco170
0:51 Loom
11:47 Feudal Age
16:35 Castle Age
14:47 Double-Bit Axe
15:07 Horse Collar
15:28 Gold Mining
15:50 Stone Mining
17:39 Heavy Plow
22:53 Ballistics
23:33 Gold Shaft Mining
25:33 Town Watch
25:46 Treadmill Crane
26:18 Caravan
31:49 Imperial Age
29:22 Town Patrol
29:52 Forging
29:42 Scale Mail Armor
29:37 Fletching
29:48 Padded Archer Armor
30:10 Masonry
29:55 Man-at-Arms
30:21 Gambesons
30:39 Squires
30:28 Arson
30:07 Pikeman
31:46 Iron Casting
30:39 Long Swordsman
32:49 Chain Mail Armor
33:36 Blast Furnace
32:02 Two-Handed Swordsman
34:03 Champion
35:34 Elite Skirmisher
36:24 Chieftains
36:48 Conscription
36:32 Bodkin Arrow
37:25 Leather Archer Armor
37:43 Plate Mail Armor
37:28 Bracer
37:17 Crossbowman
38:59 Arbalester
41:45 Chemistry
40:52 Siege Engineers
41:17 Architecture
41:00 Bow Saw
41:30 Crop Rotation
41:47 Murder Holes
46:31 Bogsveigar
45:57 Elite Berserk
60:26 Ring Archer Armor
61:10 Hoardings
Omega_U
0:30 Loom
11:28 Feudal Age
12:30 Double-Bit Axe
17:42 Castle Age
16:21 Wheelbarrow
15:31 Town Watch
16:51 Town Watch
17:10 Horse Collar
17:24 Stone Mining
17:27 Gold Mining
19:11 Bow Saw
24:53 Heavy Plow
24:53 Fletching
26:22 Grand Trunk Road
29:50 Imperial Age
28:30 Gold Mining
29:15 Stone Shaft Mining
30:18 Forging
30:08 Scale Mail Armor
30:43 Ballistics
31:34 Chemistry
30:55 Ballistics
32:39 Shatagni
34:59 Caravan
36:20 Conscription
43:41 Two-Man Saw
43:20 Gold Shaft Mining
44:15 Elite Skirmisher
44:52 Fletching
45:02 Padded Archer Armor
52:35 Bodkin Arrow
52:55 Leather Archer Armor
54:18 Bloodlines
54:08 Husbandry
53:29 Light Cavalry
54:45 Ring Archer Armor
54:23 Scale Barding Armor
55:58 Hussar
62:56 Hand Cart
62:42 Town Patrol
66:26 Iron Casting
66:12 Chain Barding Armor
73:08 Siege Engineers
74:44 Blast Furnace
74:20 Plate Barding Armor
77:21 Masonry
77:16 Bracer
franchi_mg
0:31 Loom
13:41 Feudal Age
15:27 Double-Bit Axe
18:39 Castle Age
16:23 Horse Collar
19:30 Bow Saw
20:06 Stone Mining
20:07 Gold Mining
20:48 Fletching
23:07 Bodkin Arrow
27:50 Ballistics
28:03 Bloodlines
32:05 Imperial Age
30:12 Wheelbarrow
30:00 Husbandry
30:10 Gold Mining
30:47 Heavy Plow
31:00 Town Watch
32:49 Bracer
32:57 Scale Barding Armor
33:56 Hand Cart
33:43 Padded Archer Armor
36:49 Chemistry
36:30 Conscription
36:34 Chain Barding Armor
37:18 Leather Archer Armor
38:32 Plate Barding Armor
38:20 Silk Armor
39:29 Heavy Cavalry Archer
43:11 Scale Mail Armor
43:42 Ring Archer Armor
43:27 Murder Holes
45:20 Town Patrol
45:29 Elite Steppe Lancer
46:24 Forging
47:04 Gold Shaft Mining
47:00 Caravan
49:41 Iron Casting
58:16 Blast Furnace
62:42 Fortified Wall
62:15 Treadmill Crane
78:03 Spies/Treason
Murderer Potato
10:07 Feudal Age
14:35 Castle Age
13:28 Double-Bit Axe
15:39 Bow Saw
17:19 Loom
18:43 Horse Collar
22:41 Wheelbarrow
22:31 Heavy Plow
28:39 Imperial Age
27:02 Hand Cart
27:29 Caravan
28:05 Fletching
29:22 Silk Road
30:28 Two-Man Saw
29:59 Conscription
30:23 Bodkin Arrow
31:25 Ballistics
32:06 Chemistry
31:46 Padded Archer Armor
32:05 Bracer
32:33 Gold Mining
32:33 Stone Mining
33:20 Town Watch
34:00 Leather Archer Armor
34:29 Thumb Ring
35:36 Ring Archer Armor
37:28 Elite Genoese Crossbowman
B仔
0:41 Loom
9:59 Feudal Age
15:02 Castle Age
13:59 Double-Bit Axe
13:57 Horse Collar
18:17 Wheelbarrow
20:50 Heavy Plow
28:16 Imperial Age
25:59 Bow Saw
27:01 Caravan
26:56 Gold Mining
28:16 Forging
28:11 Scale Barding Armor
29:07 Hand Cart
28:21 Elite Leitis
29:04 Husbandry
29:14 Bloodlines
29:08 Stone Mining
29:20 Town Watch
30:24 Bloodlines
31:51 Stone Shaft Mining
32:59 Conscription
33:18 Hoardings
33:44 Tower Shields
34:01 Town Patrol
35:18 Iron Casting
35:13 Chain Barding Armor
34:29 Light Cavalry
39:01 Winged Hussar
43:02 Plate Barding Armor
45:38 Crop Rotation
45:48 Onager
48:03 Fletching
48:14 Padded Archer Armor
49:08 Bodkin Arrow
49:21 Pikeman
50:02 Squires
49:47 Arson
49:33 Elite Skirmisher
53:27 Bracer
53:42 Leather Archer Armor
52:59 Man-at-Arms
55:56 Ballistics
57:30 Leather Archer Armor
57:09 Guard Tower
57:16 Murder Holes
58:22 Chemistry
57:07 Treadmill Crane
60:33 Keep
65:25 Bombard Tower
66:45 Two-Man Saw
75:13 Spies/Treason
Connection lost

Rejoining the realm…

Still unreachable

The connection could not be restored.

Session expired

The server has moved on; the page needs a fresh start.